 Dungeon Crawl Stone Soup version 0.30-a0-989-g0d87f670db (webtiles) character file.

Game seed: 15458255994667522814

771 jasper the Caller (level 7, -4/52 HPs)
             Began as a Demonspawn Summoner on Apr 3, 2023.
             Killed by nerve-wracking pain
             ... invoked by an orc priest
              (13 damage)
             ... on level 5 of the Dungeon.
             The game lasted 00:08:04 (4590 turns).

jasper the Caller (Demonspawn Summoner)             Turns: 4590, Time: 00:08:04

Health: -4/52      AC:  6    Str:  8    XL:     7   Next: 53%
Magic:  0/10       EV: 11    Int: 19    God:
Gold:   231        SH:  0    Dex: 13    Spells: 4/10 levels left

rFire   . . .      SeeInvis .    p - +1 trident
rCold   . . .      Faith    .    (no shield)
rNeg    . . .      Spirit   .    q - +0 ring mail
rPois   .          Reflect  .    (no helmet)
rElec   .          Rampage  .    m - +0 cloak
rCorr   .                        (no gloves)
Will    .....                    (no boots)
Stlth   +                        (no amulet)
HPRegen 0.28/turn                (no ring)
MPRegen 0.12/turn                (no ring)

@: no status effects
A: hooves 2, foul stench 1
a: no special abilities


You were on level 5 of the Dungeon.
You visited 1 branch of the dungeon, and saw 5 of its levels.

You collected 231 gold pieces.

Inventory:

Hand Weapons
 c - a +0 hand axe
 d - a +0 spear
 l - a +0 scythe
 p - a +1 trident (weapon)
Armour
 a - a +0 robe
 i - a +0 chain mail
 j - a +0 leather armour
 m - a +0 cloak (worn)
 q - a +0 ring mail (worn)
Scrolls
 e - a scroll of teleportation
 k - a scroll of magic mapping
Potions
 b - a potion of magic
 f - a potion of curing
 g - 5 potions of degeneration
 o - 3 potions of attraction {unknown}
 s - 2 potions of flight {unknown}


   Skills:
 + Level 3.2 Fighting
 * Level 3.8 Polearms
 + Level 2.8 Armour
 + Level 3.7 Dodging
 - Level 1.7 Stealth
 - Level 2.0 Spellcasting
 + Level 5.3 Summonings


You had 4 spell levels left.
You knew the following spells:

 Your Spells              Type           Power      Damage    Failure   Level
c - Call Canine Familiar  Summ           22%        N/A       16%         3
d - Summon Guardian Gole  Hex/Summ       12%        N/A       43%         3

Your spell library contained the following spells:

 Spells                   Type           Power      Damage    Failure   Level
 Summon Small Mammal      Summ           88%        N/A       5%          1
 Call Imp                 Summ           22%        N/A       9%          2
 Magic Dart               Conj           4%         1d3       43%         1
 Slow                     Hex            4%         N/A       43%         1
 Cigotuvi's Dreadful Rot  Necr/Pois/Air  2%         N/A       58%         2
 Poisonous Vapours        Pois/Air       2%         N/A       58%         2
 Searing Ray              Conj           2%         2d4       58%         2
 Sublimation of Blood     Necr           1%         N/A       58%         2
 Wereblood                Tmut           1%         N/A       58%         2
 Confusing Touch          Hex            1%         N/A       82%         3
 Hailstorm                Conj/Ice       1%         3d3       82%         3
 Mephitic Cloud           Conj/Pois/Air  1%         N/A       82%         3
 Vampiric Draining        Necr           1%         2d6       82%         3
 Summon Lightning Spire   Summ/Air       12%        N/A       85%         4
 Fulminant Prism          Conj/Hex       0%         3d5       99%         4
 Ice Form                 Ice/Tmut       1%         N/A       99%         4
 Simulacrum               Ice/Necr       0%         N/A       100%        6
 Summon Hydra             Summ           11%        N/A       100%        7


Dungeon Overview and Level Annotations

Branches:
Dungeon (5/15)             Temple (0/1) D:5

Altars:
Hepliaklqana


Innate Abilities, Weirdness & Mutations

You have hoof-like feet.
You may rarely emit foul miasma when damaged in melee.


Message History

The orc priest looks braver for a moment.
You hit the orc priest. You kick the orc priest.
The orc priest is heavily wounded.
The orc priest hits you with a +0 club.
The orc wizard mumbles some strange words.
The orc wizard flickers and vanishes!
Deactivating autopickup; reactivate with Ctrl-A.
You take 4 damage, and have 22/52 hp.
You feel much better. The orc priest hits you with a +0 club.
You regained 23 hp, and now have 45/52 hp.
You hit the orc priest. Your kick misses the orc priest.
You punch the orc priest, but do no damage.
The orc priest is severely wounded.
The orc priest hits you but does no damage.
You hit the orc priest but do no damage.
The orc priest is severely wounded.
The orc priest invokes the aid of Beogh against you.
Beogh smites you!
You take 17 damage, and have 29/52 hp.
MASSIVE DAMAGE!!
You barely miss the orc priest.
The orc priest is severely wounded.
The orc priest calls down the wrath of Beogh upon you.
Pain shoots through your body!
You take 6 damage, and have 23/52 hp.
You closely miss the orc priest. Your kick misses the orc priest.
The orc priest is severely wounded.
The orc priest hits you with a +0 club.
You take 2 damage, and have 21/52 hp.
You hit the orc priest.
The orc priest is almost dead.
The orc priest hits you but does no damage.
Casting: Call Canine Familiar (dangerous; 16% risk of failure)
Press: ? - help, Q - select action Dir - look around, f - activate The orc priest invokes the aid of Beogh against you.
Beogh smites you!
* * * LOW HITPOINT WARNING * * *
You take 12 damage, and have 9/52 hp.
MASSIVE DAMAGE!!
You now have 0/10 mp.
The orc priest mumbles some strange prayers to Beogh against you.
Pain shoots through your body!
You die...

##.######<....... #[..#.
##......#........##......
#...................#
............#####o###
#..........># #o#
##..........# #{#
............# #o#
#####.#.....#####)# #
#.#.........@.# #
#?####.###.h### #
##.####.# ##)# #
#.......# #.# ##
#..###### #.# .###..# #.#
......# #.# .###.## #.#
## #.# #.#


You could see an orc priest (ally target), 2 orcs and a friendly hound
(summoned).

Vanquished Creatures
  A phantom (D:3)
  A bullfrog (D:3)
  A gnoll bouda (D:5)
  An iguana (D:4)
  An orc wizard (D:3)
  2 gnolls (D:5)
  2 adders (D:3)
  4 orcs
  4 ball pythons
  4 endoplasms
  2 giant cockroaches
  7 goblins
  2 hobgoblins
  A jackal (D:4)
  8 kobolds
  5 quokkas
  3 bats
  2 frilled lizards (D:1)
  7 rats
58 creatures vanquished.

Vanquished Creatures (collateral kills)
  Sigmund (D:2)
  A phantom (D:5)
  A hound (D:4)
  An orc priest (D:4)
  A jelly (D:4)
  Terence (D:3)
  An iguana (D:3)
  An orc wizard (D:4)
  2 gnolls (D:5)
  3 adders
  A worm (D:2)
  8 orcs
  A bat (D:3)
  An endoplasm (D:1)
  2 jackals
  A kobold (D:4)
  A quokka (D:2)
  2 ball pythons
  A frilled lizard (D:3)
31 creatures vanquished.

Grand Total: 89 creatures vanquished

Notes
Turn   | Place    | Note
-------+----------+-------------------------------------------
     0 | D:1      | jasper the Demonspawn Summoner began the quest for the Orb.
     0 | D:1      | Reached XP level 1. HP: 13/13 MP: 3/3
    96 | D:1      | You fall into a shaft and drop 1 floor!
   220 | D:1      | Discovered your monstrous ancestry.
   220 | D:1      | Gained mutation: You have large cloven feet. [demonic
                  | ancestry]
   220 | D:1      | Reached XP level 2. HP: 15/20 MP: 3/5
   724 | D:1      | Reached skill level 1 in Fighting
   803 | D:1      | Reached skill level 1 in Armour
   835 | D:1      | Learned a level 2 spell: Call Imp
  1063 | D:2      | Reached XP level 3. HP: 22/26 MP: 6/6
  1368 | D:2      | Learned a level 3 spell: Call Canine Familiar
  1837 | D:2      | Noticed Sigmund
  1852 | D:2      | Killed Sigmund
  1853 | D:2      | Gained mutation: You have hoof-like feet. [demonic
                  | ancestry]
  1853 | D:2      | Reached XP level 4. HP: 15/33 MP: 1/7
  1853 | D:2      | Reached XP level 5. HP: 17/38 MP: 1/8
  2272 | D:3      | Reached XP level 6. HP: 24/45 MP: 9/9
  2502 | D:3      | Learned a level 3 spell: Summon Guardian Golem
  2691 | D:3      | Noticed Terence
  2701 | D:3      | Killed Terence
  2789 | D:3      | Identified the +0 leather armour "Ywnibit" {Str+3}
  2880 | D:3      | Found a faded altar of an unknown god.
  3553 | D:4      | Reached skill level 5 in Summonings
  3786 | D:3      | Found a hazy altar of Hepliaklqana.
  3789 | D:3      | Gained mutation: You may rarely emit foul miasma when
                  | damaged in melee. [demonic ancestry]
  3789 | D:3      | Reached XP level 7. HP: 33/51 MP: 2/10
  4398 | D:5      | Entered Level 5 of the Dungeon
  4547 | D:5      | Found a staircase to the Ecumenical Temple.
  4590 | D:5      | Killed from afar by an orc priest

Illustrated notes

Levels and vault maps discovered:
D:1:      minmay_arrival_radiant_lines, layout_loops_cross
D:2:      layout_loops_corners, uniq_sigmund
D:3:      layout_basic, nicolae_overflow_ecumenical_swirl,
          grunt_decor_resistance, uniq_terence
D:4:      layout_cave_pools
D:5:      layout_loops_ring, amcnicky_altar_gilded, minmay_temple_entry_grid,
          st_stairs_1, bh_walls_and_bars

Skill      XL: |  1  2  3  4  5  6  7 |
---------------+----------------------+-----
Dodging        | 2 3 |  3.7
Fighting       | 1 2 3 |  3.2
Armour         | 1 2 |  2.8
Polearms       | 2 3 |  3.8
Summonings     | 5 |  5.3
Stealth        | |  1.7
Spellcasting   | |  2.0

Action                     |  1- 3 |  4- 6 |  7- 9 || total
---------------------------+-------+-------+-------++-------
  Melee: Hand axe          |    82 |       |       ||    82
         Kick              |    14 |    26 |    10 ||    50
         Punch             |     1 |     3 |     3 ||     7
         Spear             |    22 |       |       ||    22
         Halberd           |       |    32 |       ||    32
         Trident           |       |    60 |    63 ||   123
   Cast: Summon Small Mamm |     9 |       |       ||     9
         Call Imp          |     5 |     4 |       ||     9
         Call Canine Famil |     2 |     9 |     9 ||    20
    Use: Scroll            |     5 |     5 |     3 ||    13
         Potion            |     1 |     1 |     2 ||     4
   Stab: Distracted        |     2 |     1 |       ||     3
         Sleeping          |     3 |       |     1 ||     4
 Armour: Robe              |    15 |       |       ||    15
         Leather armour    |       |    11 |       ||    11
         Ring mail         |       |    21 |    15 ||    36
  Dodge: Dodged            |    57 |    64 |    21 ||   142

Table legend: (Time is in decaauts)
 A = Elapsed time spent in this place.
 B = Non-inter-level travel time spent in this place.
 C = Inter-level travel time spent in this place.
 D = Time resting spent in this place.
 E = Time spent auto-exploring this place.
 F = Levels seen in this place.
 G = Mean time per level.
                   A        B        C        D        E       F      G
               +--------+--------+--------+--------+--------+-----+--------+
         Total |   4650 |   4536 |    114 |    314 |   3289 |   5 |  930.0 |
       Dungeon |   4650 |   4536 |    114 |    314 |   3289 |   5 |  930.0 |
               +--------+--------+--------+--------+--------+-----+--------+

Top non-repeatable levels by time:
     D:3: 1672 daAuts
     D:2: 1148 daAuts
     D:1: 951 daAuts
     D:4: 681 daAuts
     D:5: 196 daAuts
